 Dungeon Crawl Stone Soup version 0.19-a0-49-gb8736b8 (webtiles) character file.

991 M4edhros the Grappler (level 7, -1/66 HPs)
             Began as a Troll Monk on May 6, 2016.
             Was a Priest of Cheibriados.
             Slain by a wolf (7 damage)
             ... led by Grum
             ... on level 1 of the Lair of Beasts.
             The game lasted 00:06:23 (1307 turns).

M4edhros the Grappler (Troll Monk)                  Turns: 1307, Time: 00:06:24

Health: -1/66      AC:  5    Str: 25 (26) XL:     7   Next: 98%
Magic:  6/6        EV: 11    Int: 13 (14) God:    Cheibriados [***...]
Gold:   152        SH:  0    Dex: 16 (18) Spells: 0 memorised, 6 levels left

rFire  . . .     SeeInvis +       - Unarmed
rCold  + . .     Gourm    +     a - +0 robe
rNeg   . . .     Faith    .     (no shield)
rPois  .         Spirit   .     (helmet restricted)
rElec  .         Dismiss  .     (no cloak)
rCorr  .         Reflect  .     (gloves unavailable)
SustAt .         Harm     +     (boots unavailable)
MR     .....                    n - amulet of harm
Stlth  ++........               l - ring of flight
                                c - ring of protection from cold

@: very slightly contaminated, invisible, very slow, not resistant to hostile
enchantments, unstealthy
A: unfitting armour, claws 3, see invisible, fast metabolism 3, gourmand,
regeneration 2, shaggy fur 1, tough skin 2
a: Bend Time, Temporal Distortion, Renounce Religion, Evoke Flight


You were on level 1 of the Lair of Beasts.
You worshipped Cheibriados.
Cheibriados was most pleased with you.
You were not hungry.

You visited 3 branches of the dungeon, and saw 10 of its levels.

You collected 152 gold pieces.

Inventory:

Missiles
 t - 7 javelins of penetration (quivered)
Armour
 a - a +0 robe (worn)
Jewellery
 c - a ring of protection from cold (left claw)
 l - a ring of flight (right claw)
 n - an amulet of harm (around neck)
Wands
 m - a wand of polymorph (9/24)
 q - a wand of random effects (19/48)
Scrolls
 d - 2 scrolls of teleportation {unknown}
 h - 3 scrolls of identify {unknown}
 i - 2 scrolls of remove curse {unknown}
 k - 2 scrolls of immolation {unknown}
 o - a scroll of amnesia {unknown}
 p - a scroll of random uselessness {unknown}
 s - a scroll of enchant weapon {unknown}
Comestibles
 b - 3 bread rations
 f - a slice of pizza
 r - a meat ration


   Skills:
 - Level 2.4 Fighting
 - Level 2.4 Dodging
 - Level 1.1 Stealth
 + Level 10.0 Unarmed Combat


You had 6 spell levels left.
You didn't know any spells.

Dungeon Overview and Level Annotations

Branches:
Dungeon (8/15)             Temple (1/1) D:5            Lair (1/8) D:8

Altars:
Cheibriados
Dithmenos
Fedhas
Gozag
Kikubaaqudgha
Makhleb
Nemelex Xobeh
Okawaru
Pakellas
Qazlal
Ru
Sif Muna
Vehumet
Xom
Yredelemnul
Zin
The Shining One

Annotations:
Lair:1 Grum


Innate Abilities, Weirdness & Mutations

You are too large for most types of armour.
You have claws for hands.
Your metabolism is lightning-fast.
You like to eat raw meat.
You heal very quickly.
You are covered in fur (AC +1).
You have very tough skin (AC +2).
You have supernaturally acute eyesight.


Message History

The wolf bites you.
The wolf bites you! x2; The wolf misses you.
The wolf bites you! The wolf closely misses you. The wolf bites you.
* * * LOW HITPOINT WARNING * * *
There is a large open door, spattered with blood here.
The wolf bites you!
* * * LOW HITPOINT WARNING * * *
The wolf bites you.
* * * LOW HITPOINT WARNING * * *
Okay, then.
Drink which item? (? for menu, Esc to quit)
You feel better. The wolf bites you.
* * * LOW HITPOINT WARNING * * *
Read which item? (? for menu, Esc to quit)
Okay, then.
Evoke which item? (* to show all) (? for menu, Esc to quit)
Okay, then.
You fail to use your ability.
The wolf misses you. The wolf bites you.
* * * LOW HITPOINT WARNING * * *
The wolf bites you.
You die...

#### ##
#.#.###########.####
.................... #
##.................
.#.#..........<.......
..........#####.......
.#......# .###......
#......##..# ......
....#....@#..g# .....
... #....hh'..# .....
#.....##### ....
#...... ....
.......... ...........
.............
..............
.........##.P.


You could see 2 wolves.

Vanquished Creatures
  Edmund (D:4)
  A phantom (D:6)
  A sky beast (D:6)
  Blork the orc (D:6)
  A giant frog (D:6)
  2 scorpions
  A centaur zombie (D:8)
  2 hounds
  2 jellies
  3 orc priests
  3 orc wizards (D:5)
  An iguana (D:5)
  A worker ant (D:3)
  4 adders
  A shadow imp (D:5)
  An ooze (D:2)
  2 worms
  A dart slug (D:4)
  2 giant geckos
  7 orcs
  3 goblins
  2 hobgoblins
  4 jackals (D:6)
  2 quokkas
  A bat (D:1)
  3 giant newts
  3 kobolds (D:3)
  A rat (D:3)
  A fungus (D:8)
58 creatures vanquished.

Notes
Turn   | Place    | Note
--------------------------------------------------------------
     0 | D:1      | M4edhros the Troll Monk began the quest for the Orb.
     0 | D:1      | Reached XP level 1. HP: 22/22 MP: 0/0
   101 | D:1      | You fall through a shaft!
   135 | D:2      | Reached XP level 2. HP: 29/29 MP: 1/1
   182 | D:3      | Reached skill level 5 in Unarmed Combat
   182 | D:3      | Reached XP level 3. HP: 16/36 MP: 2/2
   188 | D:3      | Reached XP level 4. HP: 23/44 MP: 3/3
   258 | D:3      | Reached skill level 6 in Unarmed Combat
   356 | D:4      | Noticed Edmund
   372 | D:4      | Killed Edmund
   372 | D:4      | Reached skill level 7 in Unarmed Combat
   372 | D:4      | Reached XP level 5. HP: 13/50 MP: 4/4
   517 | D:4      | Reached XP level 6. HP: 56/59 MP: 5/5
   531 | D:5      | Entered Level 5 of the Dungeon
   535 | D:5      | Found a staircase to the Ecumenical Temple.
   549 | Temple   | Entered the Ecumenical Temple
   596 | Temple   | Became a worshipper of Cheibriados the Contemplative
   596 | Temple   | Reached * piety under Cheibriados
   596 | Temple   | Reached ** piety under Cheibriados
   817 | D:6      | Reached skill level 8 in Unarmed Combat
   849 | D:5      | Reached XP level 7. HP: 36/66 MP: 6/6
   910 | D:6      | Found a radiant altar of Vehumet.
   915 | D:6      | Found a glowing golden altar of the Shining One.
   977 | D:6      | Reached skill level 9 in Unarmed Combat
   983 | D:6      | Gained mutation: You have supernaturally acute eyesight. [mutagenic meat]
  1136 | D:6      | Noticed Blork the orc
  1143 | D:6      | Killed Blork the orc
  1241 | D:8      | Reached skill level 10 in Unarmed Combat
  1258 | D:8      | Found a staircase to the Lair.
  1266 | D:8      | Reached *** piety under Cheibriados
  1283 | Lair:1   | Entered Level 1 of the Lair of Beasts
  1293 | Lair:1   | Noticed Grum
  1307 | Lair:1   | Slain by a wolf

Vault maps used:
D:1:      eino_arrival_druids_welcome
D:2:      minivault_25
D:3:      uniq_robin
D:4:      first_bread, uniq_edmund
D:5:      temple_pool_a, serial_shops, nicolae_shop_crystal
D:6:      minitemple, serial_glass, glass_columns_b, glass_columns_a,
          glass_columns_a, glass_columns_b, glass_columns_b, glass_columns_b,
          minmay_misc_feat_hallway, uniq_blork_the_orc
D:7:      minmay_liquid_box, grunt_livestock, serial_bayou_pond_d
D:8:      amethyst_overflow_temple_binary, dpeg_oklobed_lair, uniq_erolcha
Temple:   eino_wide_crystal_templ_15
Lair:1:   minivault_29, uniq_erica, uniq_grum

Skill      XL: |  1  2  3  4  5  6  7 |
---------------+----------------------+-----
Unarmed Combat | 5 7 8 10 | 10.0
Fighting       | |  2.4
Dodging        | |  2.4
Stealth        | |  1.1

Action                   |  1- 3 |  4- 6 |  7- 9 || total
-------------------------+-------+-------+-------++-------
Melee: Unarmed           |    27 |    73 |    48 ||   148
       Punch             |       |     2 |     2 ||     4
  Use: Potion            |     2 |     1 |     3 ||     6
 Stab: Sleeping          |     1 |     1 |     2 ||     4
       Invisible         |       |       |     1 ||     1
  Eat: Chunk             |       |     3 |     8 ||    11
Armor: Robe              |     1 |    18 |     5 ||    24
Dodge: Dodged            |    10 |    30 |    22 ||    62
